 Dungeon Crawl Stone Soup version 0.18-a0-1637-g109f206 (webtiles) character file.

13920 Omaping the Severer (level 12, -10/108 HPs)
             Began as a Hill Orc Fighter on Mar 26, 2016.
             Was a High Priest of Trog.
             Mangled by a blink frog (12 damage)
             ... on level 1 of the Lair of Beasts.
             The game lasted 01:10:11 (13164 turns).

Omaping the Severer (Hill Orc Fighter)             Turns: 13164, Time: 01:10:11

Health: -10/108    AC: 21    Str: 25    XL:     12   Next: 11%
Magic:  12/12      EV:  7    Int:  8    God:    Trog [*****.]
Gold:   4836       SH:  0    Dex: 11    Spells: 0 memorised, 11 levels left

rFire  . . .     SeeInvis .     V - +0 battleaxe
rCold  . . .     Gourm    .     T - +0 plate armour
rNeg   . . .     Faith    +     (shield currently unavailable)
rPois  +         Spirit   .     G - +1 helmet
rElec  .         Dismiss  .     D - +1 cloak {+Inv}
rCorr  .         Reflect  .     (no gloves)
SustAt .         Harm     .     x - +0 pair of boots
MR     .....                    P - amulet of faith
Stlth  ..........               v - ring of poison resistance
                                p - +2 ring of strength

@: exhausted, slowed, very slow, not resistant to hostile enchantments,
extremely unstealthy
A: no striking features
a: Berserk, Trog's Hand, Brothers in Arms, Burn Spellbooks, Renounce Religion,
Evoke Invisibility


You were on level 1 of the Lair of Beasts.
You worshipped Trog.
Trog was extremely pleased with you.
You were very hungry.

You visited 3 branches of the dungeon, and saw 14 of its levels.

You collected 4836 gold pieces.

Inventory:

Hand Weapons
 s - a +2 shortbow of flaming
 z - a +2 executioner's axe of venom
 S - the +1 eveningstar "Brilliance" {holy, rN+ AC+5 Int+5}
   (You found it on level 9 of the Dungeon)

   It has been blessed by the Shining One to cause great damage to the undead
   and demons.
   It affects your AC (+5).
   It affects your intelligence (+5).
   It protects you from negative energy.
 U - a +1 whip of flaming
 V - a +0 battleaxe (weapon)
Missiles
 l - 332 arrows
 W - 34 arrows of frost
Armour
 x - a +0 pair of boots (worn)
 D - a +1 cloak of invisibility (worn)
 G - a +1 helmet (worn)
 T - a +0 plate armour (worn)
Jewellery
 j - an uncursed ring of protection from cold
 p - a +2 ring of strength (left hand)
 v - a ring of poison resistance (right hand)
 w - an uncursed ring of sustain attributes
 A - an uncursed ring of resist corrosion
 C - an uncursed ring of positive energy
 M - an uncursed ring of flight
 P - an amulet of faith (around neck)
Wands
 k - a wand of digging (14/24)
 y - a wand of flame (37/48)
 H - a wand of teleportation (3/9)
 I - a wand of enslavement (8/24)
 R - a wand of hasting (1/9)
Scrolls
 b - a scroll of enchant weapon
 e - 3 scrolls of recharging
 h - 5 scrolls of teleportation
 i - a scroll of fog
 m - 10 scrolls of identify
 o - 2 scrolls of enchant armour
 t - 3 scrolls of remove curse
 F - a scroll of random uselessness {unknown}
 J - a scroll of acquirement
 O - a scroll of magic mapping {unknown}
 Q - a scroll of brand weapon {unknown}
 Y - a scroll of blinking {unknown}
Potions
 a - a potion of brilliance {unknown}
 d - a potion of might
 g - 4 potions of curing
 q - a potion of haste
 r - 2 potions of flight
 u - a potion of lignification
 E - a potion of resistance {unknown}
 L - a potion of berserk rage {unknown}
 N - a potion of ambrosia {unknown}
Comestibles
 f - 10 bread rations
 B - 14 fruits
 K - 5 meat rations
 X - 8 slices of pizza


   Skills:
 + Level 10.9 Fighting
 * Level 17.8 Axes
 + Level 10.2 Armour
   Level 3.5 Shields


You had 11 spell levels left.
You didn't know any spells.

Dungeon Overview and Level Annotations

Branches:
Dungeon (12/15)            Temple (1/1) D:7            Lair (1/8) D:8
    Orc (0/2) D:9

Altars:
Ashenzari
Cheibriados
Dithmenos
Elyvilon
Fedhas
Gozag
Kikubaaqudgha
Makhleb
Nemelex Xobeh
Okawaru
Pakellas
Qazlal
Ru
Sif Muna
Trog
Vehumet
Xom
Yredelemnul
Zin
The Shining One

Shops:
D:4 *


Message History

You feel a strong urge to attack something.
You are no longer berserk.
You are exhausted.
You feel yourself slow down.
You are feeling very hungry.
You see here a komodo dragon corpse.
You closely miss the blink frog.
The blink frog is heavily wounded.
The blink frog hits you!
* * * LOW HITPOINT WARNING * * *
Zapping:
I - a wand of enslavement (will waste charges)
Press: ? - help, Shift-Dir - straight line, f - blink frog
Aim: a blink frog (heavily wounded, chance to defeat MR: 28%)
The blink frog easily resists.
Evoking this partially-identified wand wasted a few charges.
The blink frog hits you but does no damage. x2
Your plate armour prevents you from hitting the blink frog.
The blink frog is heavily wounded.
The blink frog barely misses you. The blink frog hits you!
You die...

#. ### ##.# ## ##.#
#### #...
#.####..###...#
...# #.......P..# #
#..## #....##...##
. #..#####†P#.#..##
#
##....##.#####...##
## #...F@...##
#....# #.
##........#
##..#####
#.....###...#
#...#.#. #P...##
###.# #.......
#...# .# #.....?.
#... .......##..#.
##.. ....##P##..#.
#. ..# ####P... ..
... #....


You could see a blink frog.

Vanquished Creatures
  A hydra (D:11)
  Sonja (D:11)
  Pikel (D:8)
  An ugly thing (D:11)
  Joseph (D:7)
  A centaur zombie (D:11)
  A komodo dragon (Lair:1)
  3 trolls
  A two-headed ogre (D:9)
  Prince Ribbit (D:8)
  3 blink frogs (Lair:1)
  6 yaks
  A vampire (D:10)
  5 hippogriffs
  Menkaure (D:5)
  6 orc warriors
  2 ice beasts (D:7)
  3 sky beasts
  4 slaves (D:8)
  A black bear (D:9)
  8 ogres
  An eye of draining (D:10)
  3 phantoms
  14 centaurs
  7 big kobolds
  Blork the orc (D:4)
  3 giant frogs
  A gnoll sergeant (D:8)
  4 scorpions
  23 killer bees
  An electric eel (D:8)
  2 vampire bats (D:2)
  5 crimson imps
  A wasp zombie (D:8)
  2 giant frog zombies
  3 jellies
  6 orc priests
  Crazy Yiuf (D:4)
  2 hounds
  2 giant frog skeletons
  A centaur skeleton (D:5)
  2 iguanas
  Natasha (thrice) (D:3 D:6)
  5 orc wizards
  8 worker ants
  2 sheep (D:11)
  A hound skeleton (D:8)
  16 gnolls
  15 adders
  A river rat (D:8)
  3 shadow imps
  An adder skeleton (D:5)
  6 worms
  2 dart slugs (D:1)
  4 giant geckos
  36 orcs
  2 ball pythons
  12 bats
  2 bat skeletons (D:2)
  4 bat zombies (D:2)
  4 giant cockroaches
  11 goblins
  13 hobgoblins
  9 jackals
  4 quokkas
  A giant cockroach zombie (D:5)
  A giant gecko skeleton (D:8)
  6 giant newts
  A jackal skeleton (D:6)
  25 kobolds
  A quokka skeleton (D:9)
  A quokka zombie (D:9)
  19 rats
  A fungus (Lair:1)
  2 plants (D:8)
359 creatures vanquished.

Vanquished Creatures (others)
  Erolcha (D:8)
  12 fungi (D:8)
  5 plants (D:8)
18 creatures vanquished.

Grand Total: 377 creatures vanquished

Notes
Turn   | Place    | Note
--------------------------------------------------------------
     0 | D:1      | Omaping the Hill Orc Fighter began the quest for the Orb.
     0 | D:1      | Reached XP level 1. HP: 19/19 MP: 1/1
   234 | D:1      | Reached XP level 2. HP: 27/27 MP: 2/2
   234 | D:1      | Reached skill level 3 in Axes
   474 | D:1      | Reached XP level 3. HP: 31/33 MP: 3/3
   488 | D:1      | Reached skill level 4 in Axes
  1222 | D:2      | Found a shadowy altar of Dithmenos.
  1367 | D:2      | Reached skill level 5 in Axes
  1367 | D:2      | Reached XP level 4. HP: 32/40 MP: 4/4
  2042 | D:2      | Reached skill level 6 in Axes
  2058 | D:2      | Found an ancient bone altar of Kikubaaqudgha.
  2064 | D:2      | Reached XP level 5. HP: 41/46 MP: 5/5
  2069 | D:2      | Reached skill level 7 in Axes
  2820 | D:3      | Noticed Natasha
  2831 | D:3      | Killed Natasha
  2831 | D:3      | Reached XP level 6. HP: 46/52 MP: 6/6
  3091 | D:3      | Found a snail-covered altar of Cheibriados.
  3327 | D:3      | Reached skill level 8 in Axes
  3352 | D:3      | Found a bloodstained altar of Trog.
  3659 | D:4      | Noticed Blork the orc
  3669 | D:4      | Killed Blork the orc
  4105 | D:4      | Found Aviloew's Assorted Antiques.
  4147 | D:4      | Reached skill level 9 in Axes
  4245 | D:4      | Noticed a phantom
  4261 | D:4      | Killed a phantom
  4261 | D:4      | Reached XP level 7. HP: 52/58 MP: 7/7
  4311 | D:4      | Reached skill level 10 in Axes
  4676 | D:4      | Found a sacrificial altar of Ru.
  4680 | D:4      | Found a shattered altar of Ashenzari.
  4869 | D:4      | Noticed Crazy Yiuf
  4877 | D:4      | Killed Crazy Yiuf
  5012 | D:3      | Became a worshipper of Trog the Wrathful
  5058 | D:5      | Entered Level 5 of the Dungeon
  5115 | D:5      | Reached XP level 8. HP: 41/67 MP: 8/8
  5255 | D:5      | Noticed Menkaure
  5258 | D:5      | Reached skill level 11 in Axes
  5266 | D:5      | Killed Menkaure
  5266 | D:5      | Reached skill level 5 in Fighting
  5786 | D:5      | Found a stormy altar of Qazlal.
  5883 | D:6      | Reached skill level 5 in Armour
  6086 | D:6      | Reached skill level 12 in Axes
  6107 | D:6      | Reached * piety under Trog
  6325 | D:6      | Noticed Natasha
  6341 | D:6      | Killed Natasha
  6388 | D:6      | Noticed Natasha
  6392 | D:6      | Killed Natasha
  6424 | D:6      | Reached XP level 9. HP: 52/75 MP: 9/9
  6642 | D:7      | Found an oddly glowing altar of Pakellas.
  6668 | D:7      | Found a staircase to the Ecumenical Temple.
  6677 | Temple   | Entered the Ecumenical Temple
  6860 | D:7      | Noticed Joseph
  6887 | D:7      | Killed Joseph
  6887 | D:7      | Reached skill level 13 in Axes
  7163 | D:7      | Reached ** piety under Trog
  7608 | D:7      | Found a glowing silver altar of Zin.
  7845 | D:7      | Identified 2 scrolls of acquirement
  7859 | D:8      | Noticed Erolcha
  7865 | D:8      | Killed Erolcha
  7865 | D:8      | Reached skill level 14 in Axes
  7865 | D:8      | Reached XP level 10. HP: 57/88 MP: 10/10
  8053 | D:8      | Noticed Prince Ribbit
  8099 | D:8      | Reached *** piety under Trog
  8685 | D:8      | Noticed Pikel
  8705 | D:8      | Killed Pikel
  8719 | D:8      | Reached skill level 15 in Axes
  8936 | D:8      | Found a staircase to the Lair.
  8985 | D:8      | Reached **** piety under Trog
  9719 | D:8      | Killed Prince Ribbit
  9848 | D:9      | Reached ***** piety under Trog
  9851 | D:9      | Reached XP level 11. HP: 14/97 MP: 11/11
  9893 | D:9      | Found a staircase to the Orcish Mines.
 10250 | D:9      | Reached skill level 16 in Axes
 10581 | D:9      | You fall through a shaft for 3 floors!
 11243 | D:11     | Noticed a green ugly thing
 11251 | D:11     | Reached skill level 10 in Fighting
 11261 | D:11     | Killed a green ugly thing
 11405 | D:11     | Noticed a three-headed hydra
 11424 | D:11     | Killed a three-headed hydra
 11424 | D:11     | Reached skill level 17 in Axes
 11733 | D:11     | Noticed Sonja
 11753 | D:11     | Killed Sonja
 11978 | D:10     | Entered Level 10 of the Dungeon
 12148 | D:10     | Received a gift from Trog
 12350 | D:10     | Reached skill level 10 in Armour
 12441 | D:10     | Reached XP level 12. HP: 108/108 MP: 12/12
 13109 | Lair:1   | Entered Level 1 of the Lair of Beasts
 13162 | Lair:1   | HP: 1/108 [blink frog (8)]
 13164 | Lair:1   | Mangled by a blink frog

Vault maps used:
D:1:      dpeg_arrival_round_c, hangedman_decor_opposing
D:2:      kennysheep_vampire_church, grunt_ministairs_15,
          grunt_dithmenos_smoke_and_mirrors
D:3:      nicolae_overflow_hidden_temple, lemuel_round_altar,
          grunt_ministairs_5, uniq_natasha
D:4:      minitemple, kennysheep_windowed_goal, uniq_blork_the_orc,
          uniq_crazy_yiuf_cottage
D:5:      grunt_qazlal_clouds, first_bread, grunt_ministairs_9, uniq_menkaure
D:7:      kennysheep_mini, overflow_temple_1_default,
          minmay_temple_entry_large_hall, uniq_joseph
D:8:      grunt_lair_entry_orc_guard_hut, uniq_erolcha, uniq_prince_ribbit1,
          uniq_pikel
D:9:      erik_orc_3
D:11:     hangedman_ranch, uniq_sonja
D:12:     evilmike_diamond_2, special_room, enter_trove_5
Temple:   circular_temple_12
Lair:1:   beast_lair_carwin_large_2, wad_woods_river_01, uniq_fannar

Skill      XL: |  1  2  3  4  5  6  7  8  9 10 11 |
---------------+----------------------------------+-----
Axes           | 3 5 6 7 9 10 12 14 15 17 | 17.8
Fighting       | 4 6 7 9 10 | 10.9
Armour         | 4 5 7 8 10 | 10.2
Shields        | |  3.5

Action                   |  1- 3 |  4- 6 |  7- 9 | 10-12 || total
-------------------------+-------+-------+-------+-------++-------
Melee: War axe           |   109 |   223 |   312 |   436 ||  1080
       Battleaxe         |       |       |       |   125 ||   125
       Whip              |       |       |       |    17 ||    17
Invok: Burn Spellbooks   |       |       |     2 |     1 ||     3
       Berserk           |       |       |       |     6 ||     6
       Trog's Hand       |       |       |       |     1 ||     1
       Brothers in Arms  |       |       |       |     1 ||     1
Evoke: Wand              |       |       |       |     1 ||     1
  Use: Scroll            |       |     3 |     7 |     7 ||    17
       Potion            |       |     1 |     3 |     6 ||    10
  Eat: Chunk             |     1 |     4 |    10 |    13 ||    28
       Bread ration      |     1 |       |       |       ||     1
       Pizza             |       |     1 |       |       ||     1
       Meat ration       |       |       |     1 |     1 ||     2
       Beef jerky        |       |       |     1 |       ||     1
